 Dungeon Crawl Stone Soup version 0.30-b1-2-g02819fbbbe (webtiles) character file.

Game seed: 8726249743468331516

6592 lyrx the Thaumaturge (level 11, -18/75 HPs)
             Began as a Meteoran Earth Elementalist on Sept 4, 2023.
             Was an Elder of Qazlal.
             Demolished by a komodo dragon (23 damage)
             ... on level 1 of the Lair of Beasts.
             The game lasted 01:45:23 (4548 turns).

lyrx the Thaumaturge (Meteoran Earth Elementalist)  Turns: 4548, Time: 01:45:28

Health: -18/75     AC: 10    Str: 13    XL:     11   Next: 44%
Magic:  31/32      EV: 13    Int: 21    God:    Qazlal [****..]
Gold:   478        SH:  5    Dex: 15    Spells: 30/36 levels left

rFire   . . .        j - +2 dagger (protect)
rCold   . . .        (no shield)
rNeg    + . .        A - +0 steam dragon scales
rPois   .            (no helmet)
rElec   .            e - +2 cloak
rCorr   .            m - +1 pair of gloves {Str+3}
SInv    .            (no boots)
Will    +....        t - amulet of regeneration
Stlth   +            r - ring of positive energy
HPRegen 1.12/turn    (no ring)
MPRegen 0.23/turn

%: repel missiles, clarity
@: lethally poisoned (-18 -> -19), glowing
A: sense surroundings 2, otherworldly, glowing, explore regen, clarity, high MP
1
a: Renounce Religion, Upheaval, Elemental Force


You were on level 1 of the Lair of Beasts.
You worshipped Qazlal.
Qazlal was greatly pleased with you.
You visited 3 branches of the dungeon, and saw 10 of its levels.

You collected 504 gold pieces.
You spent 26 gold pieces at shops.

Inventory:

Hand Weapons
 j - a +2 dagger of protection (weapon)
 n - a +2 short sword of chaos
 y - a +2 war axe of draining
Missiles
 q - 5 atropa-tipped darts
Armour
 e - a +2 cloak (worn)
 m - a +1 pair of gloves of strength (worn)
 s - a +1 plate armour of cold resistance
 A - +0 steam dragon scales (worn)
Jewellery
 r - a ring of positive energy (left hand)
 t - an amulet of regeneration (around neck)
 D - a ring of willpower
Wands
 p - a wand of charming (24)
 w - a wand of mindburst (19)
Scrolls
 c - a scroll of immolation {unknown}
 d - 3 scrolls of enchant armour
 f - a scroll of blinking {unknown}
 g - 4 scrolls of teleportation
 h - 2 scrolls of magic mapping
 i - a scroll of summoning {unknown}
 k - 2 scrolls of identify
 l - a scroll of fear {unknown}
 o - 2 scrolls of amnesia
 u - 2 scrolls of poison
 v - a scroll of torment {unknown}
 x - 2 scrolls of fog {unknown}
 z - 3 scrolls of brand weapon
Potions
 b - 4 potions of magic
 B - a potion of ambrosia {unknown}


   Skills:
 - Level 0.6 Fighting
 + Level 3.9 Dodging
 - Level 1.4 Stealth
 - Level 0.2 Shields
 * Level 13.3 Spellcasting
 * Level 5.9 Transmutations
 * Level 13.1 Earth Magic


You had 30 spell levels left.
You knew the following spells:

 Your Spells              Type           Power      Damage    Failure   Level
a - Sandblast             Erth           100%       2d20      1%          1
b - Passwall              Tmut/Erth      43%        N/A       1%          2
c - Stone Arrow           Conj/Erth      82%        3d12      1%          3

Your spell library contained the following spells:

 Spells                   Type           Power      Damage    Failure   Level
 Petrify                  Tmut/Erth      52%        N/A       1%          4
 Spider Form              Tmut/Pois      26%        N/A       4%          3
 Ignite Poison            Fire/Tmut/Pois 22%        N/A       6%          3
 Cigotuvi's Dreadful Rot  Necr/Pois/Air  28%        N/A       7%          2
 Ensorcelled Hibernation  Hex/Ice        28%        N/A       7%          2
 Summon Guardian Golem    Hex/Summ       14%        N/A       14%         3
 Swiftness                Air            14%        N/A       14%         3
 Anguish                  Hex/Necr       7%         N/A       41%         4
 Freezing Cloud           Conj/Ice/Air   7%         6-21      77%         5
 Orb of Destruction       Conj           7%         9d6       100%        7
 Spellforged Servitor     Conj/Summ      7%         N/A       100%        7


Dungeon Overview and Level Annotations

Branches:
Dungeon (8/15) Zot: 110    Temple (1/1) D:7 Zot: 588    Lair (1/5) D:8 Zot: 580

Altars:
Cheibriados
Fedhas
Gozag
Hepliaklqana
Kikubaaqudgha
Makhleb
Qazlal
Ru
Trog
Vehumet
Yredelemnul

Shops:
D:5 *:?[   D:6 :

Annotations:
D:8 1 transporter


Innate Abilities, Weirdness & Mutations

You passively map the area around you.
You are easily found by Zot.
You glow in the dark.
You regain HP and MP as you explore.
You possess an exceptional clarity of mind.
You have an increased reservoir of magic. (+10% MP)


Message History

You are poisoned.
The cane toad poisons you! The komodo dragon bites you!
You feel very sick. The cane toad barely misses you.
The komodo dragon is engulfed in blazing flames.
The cane toad stings you!
You are more poisoned.
The cane toad poisons you!
You feel better.
The komodo dragon completely misses you.
You block the cane toad's attack.
The komodo dragon attacks as you move away!
You block the komodo dragon's attack. The cane toad attacks as you move away!
The cane toad stings you.
You are poisoned.
The cane toad poisons you!
You feel very sick.
You feel very sick. The cane toad stings you!!
* * * LOW HITPOINT WARNING * * *
You feel much better.
You feel very sick. The cane toad closely misses you.
The komodo dragon attacks as you move away!
The komodo dragon bites you!
* * * LOW HITPOINT WARNING * * *
You feel sick.
The cane toad is engulfed in blazing flames.
The cane toad stings you!
* * * LOW HITPOINT WARNING * * *
Casting: Sandblast (safe; 1% risk of failure)
Confirm with . or Enter, or press ? or * to list all spells.
Aiming: Sandblast (safe; 1% risk of failure)
Press: ? - help, Shift-Dir - straight line, f - cane toad, p - komodo dragon
Aim: a cane toad (thunder, moderately wounded, 87% to hit)
The blast of sand hits the cane toad!
The cane toad is heavily wounded.
You feel very sick. The komodo dragon bites you!!
You die...

######### #......P
##.....P#*
#.....P#* #....>.##
#.....°.# #*
#.°..°..#
#.###†..l...# *
#...<.☼F@○## , *
*#.......☼§......
#P........☼......,
* ,
##............... ,
................. ,
, ,
...................
, ,
.....##............
, , , , .^...
#......##.... ,
..#.# .......# , ,


You could see a komodo dragon and a cane toad.

Vanquished Creatures
  A cyclops (D:7)
  Maurice (D:8)
  18 yaks
  2 steam dragons (D:7)
  3 ice beasts
  A black bear (Lair:1)
  A sky beast (D:7)
  3 orc warriors
  3 ogres
  2 centaurs (D:8)
  2 phantoms
  A gnoll sergeant (D:8)
  A kobold brigand (D:8)
  3 bullfrogs
  6 scorpions
  A wight (D:8)
  6 killer bees (D:8)
  The ghost of Phaedo the Magician, a weakling DjHW (D:3)
  2 jellies
  4 hounds
  A gnoll bouda (D:4)
  A sleepcap (D:4)
  2 iguanas
  7 orc wizards
  7 adders
  9 gnolls
  A white imp (D:6)
  An ufetubus (D:6)
  2 worms (D:3)
  7 dart slugs
  26 orcs
  5 endoplasms
  2 giant cockroaches (D:1)
  6 goblins
  6 hobgoblins
  4 jackals (D:3)
  3 quokkas
  11 ball pythons
  6 bats
  4 frilled lizards
  5 kobolds
  7 rats
185 creatures vanquished.

Vanquished Creatures (others)
  11 fungi (D:8)
  5 plants (D:8)
16 creatures vanquished.

Grand Total: 201 creatures vanquished

Notes
Turn   | Place    | Note
-------+----------+-------------------------------------------
     0 | D:1      | lyrx the Meteoran Earth Elementalist began the quest for
                  | the Orb.
     0 | D:1      | Reached XP level 1. HP: 14/14 MP: 5/5
   176 | D:1      | Reached XP level 2. HP: 20/20 MP: 2/6
   395 | D:1      | Reached XP level 3. HP: 26/26 MP: 6/8
   488 | D:1      | Glimpsed the power of Zot.
   538 | D:1      | Glimpsed the power of Zot.
   774 | D:2      | Reached XP level 4. HP: 33/33 MP: 8/10
   873 | D:2      | Reached skill level 5 in Earth Magic
   874 | D:2      | Reached XP level 5. HP: 38/38 MP: 7/12
   947 | D:2      | Found a faded altar of an unknown god.
   959 | D:2      | Prayed at the altar of an unknown god.
   959 | D:2      | Became a worshipper of Qazlal Stormbringer
   959 | D:2      | Reached * piety under Qazlal
   999 | D:2      | Found a radiant altar of Vehumet.
  1076 | D:2      | Glimpsed the power of Zot.
  1125 | D:2      | Glimpsed the power of Zot.
  1374 | D:3      | Reached skill level 5 in Spellcasting
  1374 | D:3      | Reached XP level 6. HP: 45/45 MP: 8/14
  1491 | D:3      | Found a large runed translucent door.
  1491 | D:3      | Found a large runed translucent door.
  1495 | D:3      | Noticed Phaedo's ghost (weakling DjHW)
  1502 | D:3      | Killed Phaedo's ghost
  1563 | D:3      | Found a blossoming altar of Fedhas.
  1566 | D:3      | Found a sacrificial altar of Ru.
  1654 | D:3      | Glimpsed the power of Zot.
  1704 | D:3      | Glimpsed the power of Zot.
  1725 | D:4      | Reached ** piety under Qazlal
  1766 | D:4      | Reached XP level 7. HP: 32/50 MP: 9/17
  1858 | D:4      | Found a stormy altar of Qazlal.
  2237 | D:4      | Glimpsed the power of Zot.
  2287 | D:4      | Glimpsed the power of Zot.
  2312 | D:5      | Entered Level 5 of the Dungeon
  2321 | D:5      | Reached XP level 8. HP: 50/57 MP: 17/19
  2358 | D:5      | Learned a level 2 spell: Passwall
  2362 | D:5      | Learned a level 3 spell: Stone Arrow
  2591 | D:5      | Found a bloodstained altar of Trog.
  2684 | D:5      | Noticed a yak
  2690 | D:5      | Killed a yak
  2692 | D:5      | Reached *** piety under Qazlal
  2693 | D:5      | Noticed a yak
  2695 | D:5      | Noticed a yak
  2700 | D:5      | Noticed a yak
  2703 | D:5      | Killed a yak
  2704 | D:5      | Gained mutation: You passively map the area around you.
                  | [Meteoran growth]
  2704 | D:5      | Reached XP level 9. HP: 45/63 MP: 11/22
  2794 | D:5      | Found Ionladgh's Incredible Inventory.
  2802 | D:5      | Bought a scroll of identify for 26 gold pieces
  2812 | D:5      | Glimpsed the power of Zot.
  2868 | D:6      | Noticed a walking earthen tome
  2871 | D:6      | Found Udirphia's Book Shoppe.
  2873 | D:6      | Noticed a walking divine tome
  2926 | D:5      | Found Qiusoph's Antique Armour Emporium.
  2926 | D:5      | Found Biasuomu's Magic Scroll Emporium.
  2926 | D:5      | Found Balamn's Book Emporium.
  3085 | D:6      | Reached skill level 10 in Earth Magic
  3125 | D:6      | Reached skill level 10 in Spellcasting
  3400 | D:6      | Glimpsed the power of Zot.
  3517 | D:7      | Reached XP level 10. HP: 70/70 MP: 21/25
  3564 | D:7      | Found a staircase to the Ecumenical Temple.
  3606 | D:7      | Gained mutation: You possess an exceptional clarity of
                  | mind. [potion of mutation]
  3606 | D:7      | Gained mutation: You have an increased reservoir of magic.
                  | (+10% MP) [potion of mutation]
  3646 | Temple   | Entered the Ecumenical Temple
  3762 | D:7      | Noticed a cyclops
  3764 | D:7      | Killed a cyclops
  3983 | D:7      | Glimpsed the power of Zot.
  3995 | D:8      | Reached **** piety under Qazlal
  4029 | D:8      | Noticed Maurice
  4032 | D:8      | Killed Maurice
  4034 | D:8      | Reached skill level 5 in Transmutations
  4156 | D:8      | Reached XP level 11. HP: 50/75 MP: 24/31
  4283 | D:8      | Found a staircase to the Lair.
  4346 | D:8      | Found a transporter.
  4533 | Lair:1   | Entered Level 1 of the Lair of Beasts
  4548 | Lair:1   | Demolished by a komodo dragon

Illustrated notes

Levels and vault maps discovered:
D:1:      dpeg_arrival_boxes_within_box, layout_basic
D:2:      layout_loops_corners, basic_altar, nicolae_ecumenical_snake_handling
D:3:      layout_loops_ring, nicolae_overflow_squiral,
          ebering_ghost_disaster_area, minmay_misc_feat_iff,
          minmay_misc_feat_rows
D:4:      layout_loops_corners, nicolae_qazlal_eye_of_the_storm,
          kennysheep_generic_room_4
D:5:      layout_loops_ring, trog_butcher_becter,
          nicolae_shop_distant_corner_stores, nicolae_alphabet_shops, uniq_ijyb
D:6:      layout_loops_corners, serial_shops, nicolae_shop_mannequins
D:7:      layout_cave_pools, minmay_temple_entry_junction_2, kennysheep_path_1,
          grunt_decor_cap, corexii_hall_statues_u
D:8:      layout_cave_pools, grunt_lair_entry_orc_guard_hut, corner_web_ring,
          st_stairs_5, nicolae_diode_basic, uniq_maurice
Temple:   eino_temple_rhombus
Lair:1:   layout_hall_layers

Skill      XL: |  1  2  3  4  5  6  7  8  9 10 11 |
---------------+----------------------------------+-----
Spellcasting   | 3 4 5 6 7 8 10 12 13 | 13.3
Earth Magic    | 4 5 6 7 8 10 12 13 | 13.1
Dodging        | 3 |  3.9
Transmutations | 2 3 5 |  5.9
Fighting       | |  0.6
Stealth        | |  1.4
Shields        | |  0.2

Action                     |  1- 3 |  4- 6 |  7- 9 | 10-12 || total
---------------------------+-------+-------+-------+-------++-------
  Melee: Club              |     1 |       |       |       ||     1
         Dagger            |       |       |       |     3 ||     3
   Cast: Sandblast         |    36 |    65 |   120 |   125 ||   346
         Stone Arrow       |       |       |     1 |       ||     1
         Passwall          |       |       |     3 |     2 ||     5
    Use: Potion            |       |       |     5 |     5 ||    10
         Scroll            |       |       |     2 |     6 ||     8
   Stab: Sleeping          |     1 |       |       |       ||     1
 Armour: Robe              |     3 |     6 |    18 |     7 ||    34
         Steam dragon scal |       |       |       |    36 ||    36
  Dodge: Dodged            |     3 |    14 |    26 |    70 ||   113
  Block: Other             |       |     3 |     7 |    34 ||    44
